 Dungeon Crawl Stone Soup version 0.23-a0-890-gc183402 (webtiles) character file.

Game seed: 17487149404529115716

107 tidbits the Magician (level 4, 5/32 HPs)
             Began as a Gnoll Wanderer on Jan 28, 2019.
             Quit the game on level 5 of the Dungeon.
             The game lasted 00:12:23 (1105 turns).

tidbits the Magician (Gnoll Wanderer)               Turns: 1105, Time: 00:12:24

Health: 5/32       AC:  5    Str: 15    XL:     4   Next: 86%
Magic:  9/11       EV: 11    Int: 17    God:
Gold:   77         SH:  4    Dex: 12    Spells: 5/13 levels left

rFire    . . .     SeeInvis .   a - +0 whip (flame)
rCold    . . .     Gourm    .   D - +0 buckler
rNeg     . . .     Faith    .   B - +0 robe
rPois    .         Spirit   .   E - +0 helmet
rElec    .         Reflect  .   (no cloak)
rCorr    .         Harm     .   G - +0 pair of gloves
MR       .....                  F - +0 pair of boots
Stlth    ++........             (no amulet)
HPRegen  0.10/turn              (no ring)
MPRegen  0.12/turn              (no ring)

@: shrouded
A: distributed training, fangs 1, strong nose
a: no special abilities


You were on level 5 of the Dungeon.
You were not hungry.

You visited 1 branch of the dungeon, and saw 5 of its levels.

You collected 77 gold pieces.

Inventory:

Hand Weapons
 a - a +0 whip of flaming (weapon)
   (You took it off a kobold on level 3 of the Dungeon)
 b - a +0 dagger
 d - a +0 club
 q - a +0 quarterstaff
Missiles
 f - 77 stones
 j - 32 sling bullets
 l - 8 arrows
 p - a tomahawk (quivered)
Armour
 m - a +0 ring mail
 B - a +0 robe (worn)
 D - a +0 buckler (worn)
 E - a +0 helmet (worn)
 F - a +0 pair of boots (worn)
 G - a +0 pair of gloves (worn)
Scrolls
 e - a scroll of fear
 g - 2 scrolls of identify
 h - a scroll of magic mapping
 i - 2 scrolls of remove curse
 k - 2 scrolls of immolation {unknown}
 n - 2 scrolls of blinking {unknown}
 o - a scroll of fog {unknown}
 r - a scroll of enchant weapon
Comestibles
 c - 5 rations


   Skills:
 + Level 1.2 Fighting
 + Level 1.2 Short Blades
 + Level 1.2 Long Blades
 + Level 1.2 Axes
 + Level 1.2 Maces & Flails
 + Level 1.2 Polearms
 + Level 1.2 Staves
 + Level 1.2 Slings
 + Level 1.2 Bows
 + Level 1.2 Crossbows
 + Level 2.8 Throwing
 + Level 1.2 Armour
 + Level 1.2 Dodging
 + Level 1.2 Stealth
 + Level 2.8 Shields
 + Level 1.2 Unarmed Combat
 + Level 5.1 Spellcasting
 + Level 1.0 Conjurations
 + Level 2.3 Hexes
 + Level 1.0 Charms
 + Level 3.9 Summonings
 + Level 1.0 Necromancy
 + Level 3.9 Translocations
 + Level 2.3 Transmutations
 + Level 1.0 Fire Magic
 + Level 1.0 Ice Magic
 + Level 1.0 Air Magic
 + Level 1.0 Earth Magic
 + Level 1.0 Poison Magic
 + Level 1.3 Invocations
 + Level 1.2 Evocations


You had 5 spell levels left.
You knew the following spells:

 Your Spells              Type           Power        Failure   Level  Hunger
b - Blink                 Tloc           N/A          4%          2    #......
g - Shroud of Golubria    Chrm/Tloc      ##........   9%          2    #......
G - Gell's Gravitas       Tloc           ###.......   10%         3    ###....
P - Summon Butterflies    Summ           ###.....     3%          1    None

Your spell library contained the following spells:

 Spells                   Type           Power        Failure   Level  Hunger
 Lesser Beckoning         Tloc           ###.......   10%         3    ###....
 Teleport Other           Tloc           ###.....     10%         3    ###....
 Summon Guardian Golem    Hex/Summ       ##......     14%         3    ###....
 Passage of Golubria      Tloc           N/A          32%         4    ####...


Dungeon Overview and Level Annotations

Branches:
Dungeon (5/15)             Temple (0/1) D:5

Altars:
Nemelex Xobeh

Annotations:
D:3 3 runed translucent doors, Somebody's ghost, amateur DrAK


Innate Abilities, Weirdness & Mutations

Your experience applies equally to all skills.
You have very sharp teeth.
Your uncanny sense of smell can sniff out nearby items.


Message History

* * * LOW HITPOINT WARNING * * *
You hit the worker ant. You burn the worker ant.
You kill the worker ant!
Your Conjurations skill increases to level 1!
Your Charms skill increases to level 1!
Your Necromancy skill increases to level 1!
Your Fire Magic skill increases to level 1!
Your Ice Magic skill increases to level 1!
Your Air Magic skill increases to level 1!
Your Earth Magic skill increases to level 1!
Your Poison Magic skill increases to level 1!
You feel a little less agile now.
Casting: Shroud of Golubria (safe; 9% risk of failure)
Confirm with . or Enter, or press ? or * to list all spells.
Space distorts slightly along a thin shroud covering your body.
The hound skeleton closely misses you.
Unknown command.
You hit the hound skeleton. You burn the hound skeleton.
Your bite misses the hound skeleton.
The hound skeleton is moderately damaged.
The hound skeleton closely misses you.
The hound skeleton completely misses you.
You hit the hound skeleton. You burn the hound skeleton.
The hound skeleton is heavily damaged.
The hound skeleton misses you.
You hit the hound skeleton. You burn the hound skeleton.
You bite the hound skeleton.
The hound skeleton is severely damaged.
Your shroud bends the hound skeleton's attack away.
You hit the hound skeleton. You burn the hound skeleton.
The hound skeleton is almost destroyed.
The hound skeleton barely misses you. The hound skeleton bites you.
* * * LOW HITPOINT WARNING * * *
You hit the hound skeleton. You burn the hound skeleton.
You bite the hound skeleton.
You destroy the hound skeleton!
You see here a tomahawk.
p - a tomahawk Your shroud begins to fray at the edges.
Your shroud unravels.
Unknown command.
Unknown command.
Found a scroll labeled NAS TIMOASASA.
Found a stone staircase leading down.
Unknown command.
Unknown command.
Unknown command.
Unknown command.
Unknown command.
Unknown command.
Unknown command.
Unknown command.
Unknown command.
Unknown command.
You see here a scroll labeled NAS TIMOASASA.
i - 3 scrolls labeled NAS TIMOASASA (gained 1)
Found a stone staircase leading down.
There is a stone staircase leading down here.
You climb downwards.
Found a leather armour and a ration.
There is a stone staircase leading up here.
As you read the scroll of magic mapping, it crumbles to dust.
You feel aware of your surroundings.
Found a robe.
Things that are here:
a ration; a quarterstaff
q - a quarterstaff;
c - 5 rations (gained 1)
An iguana comes into view.
The iguana hisses angrily.
Unknown command.
Okay, then.
Found a scroll labeled VOYTOI ZAVIUPI.
You see here a scroll labeled VOYTOI ZAVIUPI.
k - 2 scrolls labeled VOYTOI ZAVIUPI (gained 1)
An orc wizard comes into view. It is wielding a +0 rapier.
Unknown command.
Unknown command.
Unknown command.
You aren't carrying any potions.
Unknown command.
Casting: Shroud of Golubria (safe; 9% risk of failure)
Confirm with . or Enter, or press ? or * to list all spells.
Space distorts slightly along a thin shroud covering your body.
The orc wizard shouts!
Unknown command.
You aren't carrying any potions.
Unknown command.
As you read the scroll labeled NAS TIMOASASA, it crumbles to dust.
You feel blessed for a moment.
It was a scroll of remove curse.
The iguana barely misses you.
You closely miss the iguana.
Your shroud bends the iguana's attack away!
You hit the iguana but do no damage. You bite the iguana, but do no damage.
The iguana misses you.
You hit the iguana. You burn the iguana.
The iguana is lightly wounded.
The iguana bites you.
* * * LOW HITPOINT WARNING * * *
An orc comes into view.
Are you sure you want to abandon this character and quit the game? (Confirm with "yes".)

*,**###..,,.#.,,**,**
*,,,..l.##.o..****,*
***##........#* *,*
#...#*#.#.# *,* #...#
#.#.# **,*
####...###.#.# *,,*
#####..........#o#
*,**
...........[..[#.#
*,* *******
#####..........#@#
*,* *,*,*,,
####...###.#l# *,*
**,*,,* ##...###.#.#
*,* *,*,,**
*#...<......# *,*
**,,**,
*#.###.###.### *,*
*,,**,, #.#* ##....#
****,*****,,,,,,
#.,***,#####
*,,,,,,,,*,,**,,
#,*,*,**
*,**,******,,**,
*,**,** *,**,*
*,*,,**


You could see an iguana, an orc wizard and an orc (wandering).

Vanquished Creatures
  A worker ant (D:4)
  A hound skeleton (D:4)
  4 adders
  A worm (D:4)
  A leopard gecko (D:4)
  2 giant cockroaches (D:3)
  6 goblins
  5 hobgoblins
  3 jackals (D:1)
  3 kobolds
  2 bats
  A frilled lizard (D:3)
  2 rats
32 creatures vanquished.

Notes
Turn   | Place    | Note
-------+----------+-------------------------------------------
     0 | D:1      | tidbits the Gnoll Wanderer began the quest for the Orb.
     0 | D:1      | tidbits set off with the following items: a potion of
                  | lignification, a +0 robe, a +0 club, a ration; and the
                  | following spell memorised: Summon Butterflies; and the
                  | following spells available to memorise: Blink, Shroud of
                  | Golubria, Gell's Gravitas, Lesser Beckoning, Teleport
                  | Other, Summon Guardian Golem, Passage of Golubria
     0 | D:1      | Reached XP level 1. HP: 13/13 MP: 6/6
    71 | D:1      | Reached skill level 2 in Hexes
    71 | D:1      | Reached skill level 2 in Transmutations
   172 | D:1      | Reached XP level 2. HP: 13/19 MP: 7/7
   176 | D:1      | Learned a level 2 spell: Shroud of Golubria
   179 | D:1      | Learned a level 2 spell: Blink
   452 | D:2      | Reached XP level 3. HP: 20/25 MP: 6/9
   457 | D:2      | Learned a level 3 spell: Gell's Gravitas
   484 | D:2      | Reached skill level 5 in Spellcasting
   679 | D:3      | Reached skill level 1 in Invocations
   734 | D:3      | HP: 5/25 [adder (1)]
   735 | D:3      | Reached skill level 1 in Fighting
   735 | D:3      | Reached skill level 1 in Short Blades
   735 | D:3      | Reached skill level 1 in Long Blades
   735 | D:3      | Reached skill level 1 in Axes
   735 | D:3      | Reached skill level 1 in Maces & Flails
   735 | D:3      | Reached skill level 1 in Polearms
   735 | D:3      | Reached skill level 1 in Staves
   735 | D:3      | Reached skill level 1 in Slings
   735 | D:3      | Reached skill level 1 in Bows
   735 | D:3      | Reached skill level 1 in Crossbows
   735 | D:3      | Reached skill level 1 in Armour
   735 | D:3      | Reached skill level 1 in Dodging
   735 | D:3      | Reached skill level 1 in Stealth
   735 | D:3      | Reached skill level 1 in Unarmed Combat
   735 | D:3      | Reached skill level 1 in Evocations
   735 | D:3      | Reached XP level 4. HP: 6/32 MP: 6/11
   801 | D:3      | HP: 6/32 [kobold/+0 whip of flaming (3)]
   809 | D:3      | Found a runed translucent gate.
   810 | D:3      | Found a runed translucent gate.
   811 | D:3      | Found a runed translucent gate.
   813 | D:3      | Noticed Somebody's ghost (amateur DrAK)
   907 | D:4      | Found a sparkling altar of Nemelex Xobeh.
   987 | D:3      | HP: 3/32 [orc priest/+0 vampiric war axe (10)]
  1028 | D:4      | HP: 6/32 [worker ant (1)]
  1033 | D:4      | HP: 3/32 [worker ant (4)]
  1034 | D:4      | Reached skill level 1 in Conjurations
  1034 | D:4      | Reached skill level 1 in Charms
  1034 | D:4      | Reached skill level 1 in Necromancy
  1034 | D:4      | Reached skill level 1 in Fire Magic
  1034 | D:4      | Reached skill level 1 in Ice Magic
  1034 | D:4      | Reached skill level 1 in Air Magic
  1034 | D:4      | Reached skill level 1 in Earth Magic
  1034 | D:4      | Reached skill level 1 in Poison Magic
  1039 | D:4      | HP: 1/32 [hound skeleton (2)]
  1076 | D:5      | Entered Level 5 of the Dungeon
  1104 | D:5      | HP: 5/32 [iguana (3)]
  1105 | D:5      | Quit the game

Vault maps used:
D:1:      shiori_shiawase
D:2:      lemuel_blue_sif_altar
D:3:      makhleb_heckhound_becter, first_ration, gammafunk_ghost_necromancy,
          elyvilon_altar_3
D:4:      nemelex_xobeh_ov_fountains_minmay
D:5:      minmay_diamond_boxcup, minmay_temple_entry_tees

Skill      XL: |  1  2  3  4 |
---------------+-------------+-----
Hexes          | 2 |  2.3
Transmutations | 2 |  2.3
Spellcasting   | 5 |  5.1
Invocations    | 1 |  1.3
Fighting       | 1 |  1.2
Short Blades   | 1 |  1.2
Long Blades    | 1 |  1.2
Axes           | 1 |  1.2
Maces & Flails | 1 |  1.2
Polearms       | 1 |  1.2
Staves         | 1 |  1.2
Slings         | 1 |  1.2
Bows           | 1 |  1.2
Crossbows      | 1 |  1.2
Armour         | 1 |  1.2
Dodging        | 1 |  1.2
Stealth        | 1 |  1.2
Unarmed Combat | 1 |  1.2
Evocations     | 1 |  1.2
Conjurations   | 1 |  1.0
Charms         | 1 |  1.0
Necromancy     | 1 |  1.0
Fire Magic     | 1 |  1.0
Ice Magic      | 1 |  1.0
Air Magic      | 1 |  1.0
Earth Magic    | 1 |  1.0
Poison Magic   | 1 |  1.0
Throwing       | |  2.8
Shields        | |  2.8
Summonings     | |  3.9
Translocations | |  3.9

Action                   |  1- 3 |  4- 6 || total
-------------------------+-------+-------++-------
Melee: Club              |   120 |    11 ||   131
       Unarmed           |     7 |       ||     7
       Bite              |     9 |    11 ||    20
       Whip              |       |    36 ||    36
Throw: Stone             |     3 |     1 ||     4
       Tomahawk          |       |     6 ||     6
 Cast: Shroud of Golubri |    13 |     7 ||    20
       Blink             |     3 |       ||     3
  Use: Potion            |     3 |     2 ||     5
       Scroll            |       |     7 ||     7
  Eat: Ration            |     1 |       ||     1
Armor: Skin              |     9 |       ||     9
       Robe              |    43 |     4 ||    47
Dodge: Dodged            |    86 |    22 ||   108
Block: Buckler           |    19 |     9 ||    28

Table legend:
 A = Non-vault XP
 B = Vault XP
 C = Vault XP percentage of total XP
 D = Non-vault monster count
 E = Vault monster count
 F = Vault count percentage of total count
                 A         B        C        D         E       F
            +---------+---------+-------+---------+---------+-------
      Total |     154 |       0 |   0.0 |      32 |       0 |   0.0
            +---------+---------+-------+---------+---------+-------
        D:1 |      29 |       0 |   0.0 |      10 |       0 |   0.0
        D:2 |      26 |       0 |   0.0 |       8 |       0 |   0.0
        D:3 |      39 |       0 |   0.0 |      10 |       0 |   0.0
        D:4 |      60 |       0 |   0.0 |       4 |       0 |   0.0
            +---------+---------+-------+---------+---------+-------

Table legend:
 A = Turns spent in this place as a percentage of turns spent in the entire game.
 B = Non-inter-level travel turns spent in this place as a percentage of non-inter-level travel turns spent in the entire game.
 C = Inter-level travel turns spent in this place as a percentage of turns spent in this place.
 D = Turns resting spent in this place as a percentage of non-inter-level travel turns spent in this place.
 E = Turns spent auto-exploring this place as a percentage of non-inter-level travel turns spent in this place.
 F = Non-inter-level travel turns spent in this place divided by the number of levels of this place that you've seen.
                   A       B       C       D       E      F
               +-------+-------+-------+-------+-------+----------------------
         Total | 100.0 | 100.0 |   0.0 |   0.0 |   0.0 | 221.0
       Dungeon | 100.0 | 100.0 |   0.0 |   0.0 |   0.0 | 221.0
               +-------+-------+-------+-------+-------+----------------------

Table legend:
 A = Kills in this place as a percentage of kills in entire the game.
 B = Kills by you in this place as a percentage of kills by you in the entire game.
 C = Kills by friends in this place as a percentage of kills by friends in the entire game.
 D = Other kills in this place as a percentage of other kills in the entire game.
 E = Experience gained in this place as a percentage of experience gained in the entire game.
 F = Experience gained in this place divided by the number of levels of this place that you have seen.
                   A       B       C       D       E      F
               +-------+-------+-------+-------+-------+----------------------
         Total | 100.0 | 100.0 |   N/A |   N/A | 100.0 |  30.8
       Dungeon | 100.0 | 100.0 |   N/A |   N/A | 100.0 |  30.8
               +-------+-------+-------+-------+-------+----------------------

Vault maps used:
D:1:      shiori_shiawase
D:2:      lemuel_blue_sif_altar
D:3:      makhleb_heckhound_becter, first_ration, gammafunk_ghost_necromancy,
          elyvilon_altar_3
D:4:      nemelex_xobeh_ov_fountains_minmay
D:5:      minmay_diamond_boxcup, minmay_temple_entry_tees
